 Dungeon Crawl Stone Soup version 0.28.0-43-g3370ac3207 (webtiles) character file.

Game seed: 7148941782683146388

438 smarlow the Ducker (level 7, -2/49 HPs)
             Began as a Djinni Fire Elementalist on Feb 28, 2022.
             Slain by an ogre
             ... wielding a +0 giant club
              (14 damage)
             ... on level 5 of the Dungeon.
             The game lasted 00:07:40 (5152 turns).

smarlow the Ducker (Djinni Fire Elementalist)       Turns: 5152, Time: 00:07:42

Health: -2/49      AC:  3    Str:  7    XL:     7   Next: 21%
Gold:   137        EV: 13    Int: 18    God:
                   SH:  0    Dex: 14

rFire   + + .      SeeInvis .   h - +2 war axe (flame)
rCold   x . .      Faith    .   (no shield)
rNeg    . . .      Spirit   .   a - +0 robe
rPois   ∞          Reflect  .   (no helmet)
rElec   .          Harm     .   j - +0 cloak
rCorr   .          Rampage  .   (no gloves)
Will    .....                   (boots unavailable)
Stlth   ++........              (no amulet)
HPRegen 0.16/turn               (no ring)
MPRegen 0.00/turn               (no ring)

@: flying
A: sickness immunity, fire resistance 2, cold vulnerability 1, float, innate
caster, HP casting, extra vitality 1
a: no special abilities


You were on level 5 of the Dungeon.
You visited 1 branch of the dungeon, and saw 5 of its levels.

You collected 137 gold pieces.

Inventory:

Hand Weapons
 h - a +2 war axe of flaming (weapon)
Armour
 a - a +0 robe (worn)
 j - a +0 cloak (worn)
Scrolls
 b - 2 scrolls of magic mapping {unknown}
 c - 4 scrolls of fog {unknown}
 d - 2 scrolls of teleportation {unknown}
 f - 2 scrolls of fear {unknown}
 g - 2 scrolls of blinking {unknown}
 i - 3 scrolls of identify {unknown}
 k - a scroll of noise {unknown}
Potions
 e - a potion of magic {unknown}


   Skills:
 + Level 2.9 Fighting
 + Level 4.4 Dodging
 + Level 3.5 Stealth
 + Level 3.6 Spellcasting


You couldn't memorise any spells.
You knew the following spells:

 Your Spells              Type           Power      Damage    Failure   Level
a - Foxfire               Conj/Fire      64%        2x1d7     3%          1
b - Scorch                Fire           32%        2d7       5%          2
c - Conjure Flame         Conj/Fire      16%        6-21      11%         3
d - Inner Flame           Hex/Fire       16%        N/A       11%         3
e - Flame Wave            Conj/Fire      16%        2d6       34%         4
f - Sting                 Tmut/Pois      64%        1d6       3%          1
g - Poisonous Vapours     Pois/Air       32%        N/A       5%          2
h - Wereblood             Tmut           16%        N/A       5%          2
Your spell library was empty.

Dungeon Overview and Level Annotations

Branches:
Dungeon (5/15)
 Temple: D:4-7

Altars:


Innate Abilities, Weirdness & Mutations

You are immune to sickness and miasma.
You are immune to poison.
Your flesh is very heat resistant. (rF++)
You are vulnerable to cold. (rC-)
You float through the air rather than walking.
You learn spells naturally, not from books.
Your magical power is your life essence.
You have superior vitality. (+4 MHP)


Message History

Found 9 gold pieces.
The ogre shouts!
You conjure some foxfire!
The centaur shouts!
Casting: Foxfire (safe; 3% risk of failure)
Confirm with . or Enter, or press ? or * to list all spells.
Flames lash the ogre.
The ogre is moderately wounded.
The ogre's fire resistance burns away.
The foxfire hits the centaur but does no damage.
The centaur wields a +0 shortbow.
The centaur shoots an arrow.
The arrow hits you!
Casting: Scorch (safe; 5% risk of failure)
Confirm with . or Enter, or press ? or * to list all spells.
Flames lash the centaur.
The centaur is lightly wounded.
The centaur's fire resistance burns away.
The centaur shoots an arrow.
The arrow misses you.
Casting: Scorch (safe; 5% risk of failure)
Confirm with . or Enter, or press ? or * to list all spells.
Flames lash the ogre.
The ogre is burned terribly!
The ogre is heavily wounded.
The ogre completely misses you.
Casting: Scorch (safe; 5% risk of failure)
Confirm with . or Enter, or press ? or * to list all spells.
Flames lash the centaur.
The centaur is burned terribly!
The centaur is heavily wounded.
Casting: Scorch (safe; 5% risk of failure)
Confirm with . or Enter, or press ? or * to list all spells.
Flames lash the centaur.
The centaur is burned terribly!
The centaur is almost dead.
The ogre hits you with a +0 giant club!
* * * LOW HITPOINT WARNING * * *
Casting: Scorch (safe; 5% risk of failure)
Confirm with . or Enter, or press ? or * to list all spells.
Flames lash the ogre.
The ogre is burned terribly!
The ogre is almost dead.
* * * LOW HITPOINT WARNING * * *
The ogre hits you with a +0 giant club!
You die...

#.# ##.##
#.# ..# #.#
#.## #.#
#.# # #.#
#.# #.# ..
#.###.##..#
#..@Oc....#
#####.#(..#
$. # ...
###


You could see an ogre (combustible) and a centaur (combustible).

Vanquished Creatures
  An ogre (D:4)
  A bullfrog (D:4)
  A hound (D:4)
  Natasha (thrice) (D:3)
  An iguana (D:4)
  An orc wizard (D:3)
  Robin (D:3)
  2 adders
  2 worms (D:2)
  3 dart slugs
  4 orcs (D:3)
  8 ball pythons
  9 endoplasms
  A giant cockroach (D:1)
  19 goblins
  9 hobgoblins
  4 jackals
  7 kobolds
  A quokka (D:4)
  5 bats
  2 frilled lizards (D:1)
  3 rats
88 creatures vanquished.

Vanquished Creatures (others)
  333 foxfires
333 creatures vanquished.

Grand Total: 421 creatures vanquished

Notes
Turn   | Place    | Note
-------+----------+-------------------------------------------
     0 | D:1      | smarlow the Djinni Fire Elementalist began the quest for
                  | the Orb.
     0 | D:1      | Reached XP level 1. HP: 15/15 MP: 0/0
   267 | D:1      | Reached XP level 2. HP: 17/21 MP: 0/0
   879 | D:1      | Reached XP level 3. HP: 19/25 MP: 0/0
   879 | D:1      | Learned a level 1 spell: Sting
  2136 | D:2      | Reached XP level 4. HP: 22/31 MP: 0/0
  2142 | D:2      | Reached skill level 3 in Dodging
  2537 | D:2      | Reached skill level 1 in Fighting
  2761 | D:3      | Reached XP level 5. HP: 25/37 MP: 0/0
  2761 | D:3      | Learned a level 2 spell: Poisonous Vapours
  3060 | D:3      | Noticed Robin
  3068 | D:3      | Killed Robin
  3321 | D:3      | Noticed Natasha
  3325 | D:3      | Killed Natasha
  3509 | D:3      | Noticed Natasha
  3517 | D:3      | Killed Natasha
  3547 | D:3      | Noticed Natasha
  3556 | D:3      | Killed Natasha
  3557 | D:3      | Reached XP level 6. HP: 22/43 MP: 0/0
  4351 | D:4      | Noticed an ogre
  4355 | D:4      | Killed an ogre
  4356 | D:4      | Reached skill level 4 in Dodging
  4652 | D:4      | Reached XP level 7. HP: 31/49 MP: 0/0
  4652 | D:4      | Learned a level 2 spell: Wereblood
  5044 | D:5      | Entered Level 5 of the Dungeon
  5152 | D:5      | Slain by an ogre

Illustrated notes

Levels and vault maps discovered:
D:1:      erik_arrival_triangle_large, layout_loops_ring
D:2:      layout_rooms, minmay_pentomino_pile
D:3:      minmay_evil_eye, layout_loops_ring, uniq_natasha, uniq_robin
D:4:      layout_basic, minmay_temple_entry_fiery, minmay_misc_feat_diagonals,
          uniq_pikel
D:5:      layout_loops_ring, lemuel_flame_loot_1

Skill      XL: |  1  2  3  4  5  6 |
---------------+-------------------+-----
Stealth        | 2 3 |  3.5
Dodging        | 3 4 |  4.4
Fighting       | 1 2 |  2.9
Spellcasting   | 3 |  3.6

Action                   |  1- 3 |  4- 6 |  7- 9 || total
-------------------------+-------+-------+-------++-------
Melee: Unarmed           |     1 |       |       ||     1
       War axe           |       |     1 |       ||     1
 Cast: Foxfire           |    91 |   119 |     7 ||   217
       Scorch            |     5 |    17 |    11 ||    33
Armor: Robe              |     2 |     2 |       ||     4
Dodge: Dodged            |     4 |     4 |     4 ||    12
